cohdb
Replays
Latest Replays
All Replays
Popular Replays
Top Player Replays
Match Explorer
How It Works
Community
CoH3 Stats
Reddit
Sign in to upload your games and track your stats! →
Sign in with Steam
Match 37923101
Unlisted
Match 37923101
Overview
Messages
Build Orders
End
Pioneer Squad
Construct Infanterie Kompanie
Grenadier Squad
MG 42 Machine Gun Team
Selects Luftwaffe Battlegroup
Grenadier Squad
Infanterie Officer Quarters
Construct Panzergrenadier Kompanie
Selects Stuka Strafing Run
Stuka Strafing Run
Panzergrenadier Squad
Pak 40 Anti-tank Gun Team
Panzergrenadier Officer Quarters
Selects Fallschirmjäger Squad Paradrop
Panzergrenadier Squad
Pak 40 Anti-tank Gun Team
Stuka Strafing Run
Construct Panzer Kompanie
Panzergrenadier Squad
Stuka Strafing Run
Selects Stuka Loiter
Sturmpanzer IV Brummbär
Stuka Strafing Run
Side Skirts
Panzer IV Medium Tank
Stuka Strafing Run
Selects Luftwaffe Pioneer Support
Selects Flak 38 Anti-Air Emplacement
Stuka Strafing Run
Pioneer Squad
Stuka Strafing Run
Selects Infantry Reserves
Stuka Strafing Run
Stuka Loiter
AVEAR_PL[IMPERIALIS_GAMING
Volve
jonnyvibes
FortySe7en
KrysKryngles
Slrig
PayPerPaper
WrathLord
0
0
Comments
sign in to comment!
No comments posted yet!